 Dungeon Crawl Stone Soup version 0.20.2 (webtiles) character file.

84 Alfie the Shooter (level 4, -9/37 HPs)
             Began as a Minotaur Hunter on Mar 30, 2020.
             Blown up by a goblin (18 damage)
             ... with a wand of disintegration (?/24)
             ... on level 3 of the Dungeon.
             The game lasted 00:04:07 (1704 turns).

Alfie the Shooter (Minotaur Hunter)                 Turns: 1704, Time: 00:04:08

Health: -9/37      AC:  3    Str: 17    XL:     4   Next: 23%
Magic:  3/3        EV: 12    Int:  8    God:
Gold:   102        SH:  0    Dex: 11    Spells: 3/3 levels left

rFire    . . .     SeeInvis .   b - +0 short sword
rCold    . . .     Gourm    .   (no shield)
rNeg     . . .     Faith    .   c - +0 leather armour
rPois    .         Spirit   .   (helmet restricted)
rElec    .         Reflect  .   (no cloak)
rCorr    .         Harm     .   (no gloves)
MR       .....                  (no boots)
Stlth    +.........             (no amulet)
Regen    0.2/turn               (no ring)
MPRegen  0.1/turn               (no ring)

@: no status effects
A: retaliatory headbutt, horns 2
a: no special abilities


You were on level 3 of the Dungeon.
You were not hungry.

You visited 1 branch of the dungeon, and saw 3 of its levels.

You collected 102 gold pieces.

Inventory:

Hand Weapons
 a - a +1 shortbow
 b - a +0 short sword (weapon)
Missiles
 d - 32 arrows
Armour
 c - a +0 leather armour (worn)
Scrolls
 i - 2 scrolls of remove curse
 j - a scroll of teleportation
Potions
 e - a potion of brilliance {unknown}
 g - a potion of magic {unknown}
 h - a potion of might {unknown}
Comestibles
 f - 3 bread rations


   Skills:
 + Level 2.9 Fighting
 + Level 1.0 Short Blades
 + Level 5.7 Bows
 + Level 1.2 Armour
 + Level 2.3 Dodging
 + Level 0.7 Stealth


You had 3 spell levels left.
You didn't know any spells.

Dungeon Overview and Level Annotations

Branches:
Dungeon (3/15)

Altars:
Gozag
Nemelex Xobeh
Okawaru


Innate Abilities, Weirdness & Mutations

You reflexively headbutt those who attack you in melee.
You have a pair of horns on your head.


Message History

d - 31 arrows (gained 1)
You see here a giant cockroach corpse.
d - 32 arrows (gained 1)
As you read the scroll labeled ULUXUEDEIR, it crumbles to dust.
You feel blessed for a moment.
It was a scroll of remove curse.
As you read the scroll labeled ELLODI AHISYSU, it crumbles to dust.
You feel strangely unstable.
It was a scroll of teleportation.
Your surroundings suddenly seem different.
As you read the scroll labeled WEAXZALIYKH, it crumbles to dust.
It is a scroll of amnesia.
You feel forgetful for a moment.
A goblin comes into view. It is wielding a club.
The goblin shouts!
The goblin zaps a wand.
You are blasted!
Ouch! That really hurt!
It is a wand of disintegration (?/24).
The goblin zaps a wand.
You are blasted!
* * * LOW HITPOINT WARNING * * *
The goblin zaps a wand.
You are blasted!
You die...

#.##.# ######..#.#
........#.# ######
..........# #....#
..........# #.##.#
.(.......>....#.# .#
...†....#######.#####
........# #.....#.#
........# #.@...g.#
........# #.###.###
######### #.# # #.#
#.# #.# #.# #.#


You could see a goblin.

Vanquished Creatures
  Natasha (D:2)
  An adder (D:2)
  2 worms (D:2)
  2 dart slugs (D:2)
  8 bats
  2 giant cockroaches (D:3)
  3 goblins (D:1)
  5 hobgoblins
  3 jackals (D:1)
  2 quokkas (D:3)
  3 frilled lizards (D:1)
  5 kobolds
  3 rats (D:1)
40 creatures vanquished.

Notes
Turn   | Place    | Note
-------+----------+-------------------------------------------
     0 | D:1      | Alfie the Minotaur Hunter began the quest for the Orb.
     0 | D:1      | Reached XP level 1. HP: 18/18 MP: 0/0
   342 | D:1      | Reached XP level 2. HP: 25/25 MP: 1/1
   356 | D:1      | Reached skill level 5 in Bows
   718 | D:2      | Found an iron altar of Okawaru.
   723 | D:2      | Reached XP level 3. HP: 30/30 MP: 2/2
  1266 | D:2      | Noticed Natasha
  1273 | D:2      | Killed Natasha
  1273 | D:2      | Reached skill level 1 in Armour
  1273 | D:2      | Reached XP level 4. HP: 37/37 MP: 3/3
  1307 | D:2      | Found an opulent altar of Gozag.
  1308 | D:2      | Found a sparkling altar of Nemelex Xobeh.
  1329 | D:2      | Reached skill level 1 in Short Blades
  1704 | D:3      | Blown up by a goblin

Skill      XL: |  1  2  3  4 |
---------------+-------------+-----
Bows           | 5 |  5.7
Armour         | 1 |  1.2
Short Blades   | 1 |  1.0
Fighting       | |  2.9
Dodging        | |  2.3
Stealth        | |  0.7

Action                   |  1- 3 |  4- 6 || total
-------------------------+-------+-------++-------
Melee: Short sword       |    63 |     1 ||    64
       Headbutt          |     8 |     1 ||     9
 Fire: Shortbow          |    42 |    16 ||    58
  Use: Scroll            |       |     3 ||     3
  Eat: Bread ration      |     1 |       ||     1
Armor: Leather armour    |    28 |     1 ||    29
Dodge: Dodged            |    74 |       ||    74
